 Dungeon Crawl Stone Soup version 0.30.1-3-gfc49f6343a (webtiles) character file.

Game seed: 4150237372814572330

54 Martska the Chopper (level 3, -10/31 HPs)
             Began as a Minotaur Gladiator on July 20, 2023.
             Was a Believer of Makhleb.
             Mangled by Crazy Yiuf
             ... wielding a +2 quarterstaff of chaos
              (24 damage)
             ... on level 2 of the Dungeon.
             The game lasted 00:02:58 (1430 turns).

Martska the Chopper (Minotaur Gladiator)            Turns: 1430, Time: 00:02:59

Health: -10/31     AC: 11    Str: 20    XL:     3   Next: 66%
Magic:  2/2        EV: 12    Int:  5    God:    Makhleb [**....]
Gold:   72         SH:  0    Dex: 14    Spells: 2/2 levels left

rFire   . . .        a - +0 war axe
rCold   . . .        (no shield)
rNeg    . . .        r - +5 ring mail of Insatiable Hunger {rElec Dex+3}
rPois   .            c - +0 hat
rElec   +            (no cloak)
rCorr   .            i - +0 pair of gloves
SInv    .            (no boots)
Will    .....        (no amulet)
Stlth   +            (no ring)
HPRegen 0.25/turn    (no ring)
MPRegen 0.08/turn

%: no passive effects
@: no status effects
A: horns 2, retaliatory headbutt
a: Renounce Religion, Minor Destruction


You were on level 2 of the Dungeon.
You worshipped Makhleb.
Makhleb was pleased with you.
You visited 1 branch of the dungeon, and saw 2 of its levels.

You collected 72 gold pieces.

Inventory:

Hand Weapons
 a - a +0 war axe (weapon)
Missiles
 d - 3 throwing nets (quivered)
 e - a javelin
Armour
 b - a +0 leather armour
 c - a +0 hat (worn)
 i - a +0 pair of gloves (worn)
 r - the +5 ring mail of Insatiable Hunger (worn) {rElec Dex+3}
   (You found it on level 2 of the Dungeon)

   Dex:       It affects your dexterity (+3).
   rElec:     It insulates you from electricity.
Wands
 p - a wand of iceblast (2)
Scrolls
 f - 5 scrolls of identify {unknown}
 g - a scroll of blinking {unknown}
 h - 2 scrolls of enchant armour {unknown}
 j - a scroll of torment {unknown}
 l - a scroll of butterflies {unknown}
 m - a scroll of enchant weapon {unknown}
Potions
 k - 2 potions of curing {unknown}
 n - a potion of resistance {unknown}
 o - a potion of might {unknown}
 q - a potion of lignification {unknown}


   Skills:
 - Level 3.4 Fighting
 - Level 4.3 Axes
 - Level 2.0 Throwing
 * Level 0.2 Armour
 - Level 3.7 Dodging
 - Level 1.0 Invocations


You had 2 spell levels left.
You didn't know any spells.
Your spell library contained the following spells:

 Spells                   Type           Power      Damage    Failure   Level
 Beastly Appendage        Tmut           0%         N/A       65%         1
 Wereblood                Tmut           0%         N/A       80%         2
 Inner Flame              Hex/Fire       0%         N/A       95%         3
 Spider Form              Tmut/Pois      0%         N/A       95%         3
 Yara's Violent Unravell  Hex/Tmut       0%         3d3       100%        5
 Conjure Ball Lightning   Conj/Air       0%         3x3d6     100%        6
 Enfeeble                 Hex            0%         N/A       100%        7
 Discord                  Hex            0%         N/A       100%        8
 Disjunction              Tloc           0%         N/A       100%        8


Dungeon Overview and Level Annotations

Branches:
Dungeon (2/15)

Altars:
Makhleb
Yredelemnul

Annotations:
D:2 Crazy Yiuf


Innate Abilities, Weirdness & Mutations

You have a pair of horns on your head.
You reflexively headbutt those who attack you in melee.


Message History

The quokka barely misses you. The quokka closely misses you.
You hit the quokka.
The quokka is moderately wounded.
The quokka completely misses you.
You hit the quokka.
The quokka is severely wounded.
The quokka misses you. You furiously retaliate!
You headbutt the quokka!
You kill the quokka!
Makhleb accepts your kill.
No target in view!
No target in view!
No target in view!
No target in view!
No target in view!
No target in view!
No target in view!
No target in view!
You see here a quokka corpse.
There is an open door here.
You open the door.
There is an open door here.
There is a stone staircase leading down here.
Crazy Yiuf says, "Cards head hand!"
Could not explore, unopened runed door.
Could not explore, unopened runed door.
No reachable target in view!
You open the door. You closely miss Crazy Yiuf.
Crazy Yiuf hits you with a +2 quarterstaff of chaos.
You slash Crazy Yiuf!
Crazy Yiuf is heavily wounded.
Crazy Yiuf barely misses you.
Crazy Yiuf hits you with a +2 quarterstaff of chaos.
Crazy Yiuf draws strength from your wounds!
You barely miss Crazy Yiuf. Your headbutt misses Crazy Yiuf.
Crazy Yiuf is moderately wounded.
Crazy Yiuf hits you with a +2 quarterstaff of chaos!
Space warps horribly around you!!
Ouch! That really hurt!
You die...

.#.##.# #.####
.#.##.##############....#####
......................).....#
.#......##################.##
.#.##....# #.# .#......## #.#
.#......## ### ♣♣###.##
.+.......# #)..#♣♣ ♣♣..#...#
##...##..# #...g@♣♣♣♣......##
#....'...# #...#♣..♣.......##
##^..##### ### ♣♣♣.♣...#...#
.........# ♣♣♣♣♣###.##
.######### #.# ...#
################ #.# .#.#
#..#....[......# #.# .#.#
###....#.##..##### #.# .#.#
#..............# #>#


You could see Crazy Yiuf.

Vanquished Creatures
  5 ball pythons
  5 bats
  5 endoplasms
  A giant cockroach (D:1)
  4 goblins
  2 hobgoblins (D:2)
  8 jackals (D:1)
  5 quokkas
  3 frilled lizards (D:1)
  5 kobolds
  4 rats (D:1)
47 creatures vanquished.

Notes
Turn   | Place    | Note
-------+----------+-------------------------------------------
     0 | D:1      | Martska the Minotaur Gladiator began the quest for the Orb.
     0 | D:1      | Reached XP level 1. HP: 18/18 MP: 0/0
    41 | D:1      | Found a faded altar of an unknown god.
    80 | D:1      | Prayed at the altar of an unknown god.
    80 | D:1      | Became a worshipper of Makhleb the Destroyer
    80 | D:1      | Reached * piety under Makhleb
    97 | D:1      | Reached XP level 2. HP: 25/25 MP: 1/1
   102 | D:1      | Reached skill level 4 in Axes
   427 | D:1      | Reached XP level 3. HP: 31/31 MP: 2/2
   430 | D:1      | Reached ** piety under Makhleb
   738 | D:2      | Found a basalt altar of Yredelemnul.
  1216 | D:2      | Reached skill level 1 in Invocations
  1276 | D:2      | Identified the +5 ring mail of Insatiable Hunger {rElec
                  | Dex+3}
  1312 | D:2      | Found a runed translucent door.
  1313 | D:2      | Noticed Crazy Yiuf
  1430 | D:2      | Mangled by Crazy Yiuf

Illustrated notes

Levels and vault maps discovered:
D:1:      erik_arrival_orb_chamber, layout_loops_cross,
          ebering_ecumenical_altar_box
D:2:      layout_basic, basic_altar, uniq_crazy_yiuf_cottage

Skill      XL: |  1  2  3 |
---------------+----------+-----
Axes           | 4 |  4.3
Fighting       | 3 |  3.4
Invocations    | 1 |  1.0
Throwing       | |  2.0
Armour         | |  0.2
Dodging        | |  3.7

Action                     || total
---------------------------++-------
  Melee: War axe           ||    82
         Headbutt          ||     6
 Armour: Leather armour    ||    20
  Dodge: Dodged            ||    76
